Map: Dusk Towers

Players

Tube

  • Race: Protoss Protoss
  • League: Platinum

LilDicky - Winner!

  • Race: Terran Terran
  • League: Diamond

VOD

http://www.twitch.tv/tumescentpie

Description

Time

  • Played on: Dec. 13, 2015, 9:14 p.m.
  • Length: 6:58
Show
View Real Time Build Order
Export as new Build Order

Tube Protoss 

Build Orders: Nexus First, Oracle Opening 

Get SALT Encoding   

  12  0:01  Probe (Chrono Boost)  
  13  0:11  Probe (Chrono Boost)  
  14  0:22  Probe (Chrono Boost)  
  14  0:25  Pylon  
  15  0:38  Assimilator  
  15  0:43  Probe (Chrono Boost)  
  16  0:57  Nexus  
  16  1:01  Probe (Chrono Boost)  
  17  1:11  Gateway  
  17  1:15  Probe (Chrono Boost)  
  18  1:20  Assimilator  
  18  1:26  Assimilator  
  18  1:29  Probe (Chrono Boost)  
  19  1:39  Probe (Chrono Boost)  
  20  1:47  Gateway  
  20  1:50  Probe (Chrono Boost)  
  21  2:00  Probe (Chrono Boost)  
  21  2:11  Probe (Chrono Boost)  
  22  2:16  Cybernetics Core, Probe (Chrono Boost)  
  22  2:20  Pylon  
  23  2:25  Probe (Chrono Boost)  
  23  2:27  Probe (Chrono Boost)  
  25  2:36  Gateway  
  25  2:39  Probe (Chrono Boost)  
  25  2:42  Probe (Chrono Boost)  
  27  2:52  Stargate  
  27  2:54  Warp Gate (Chrono Boost)  
  27  2:58  Probe  
  27  2:59  Probe  
  29  3:11  Adept  
  31  3:14  Probe, Adept  
  31  3:15  Probe  
  35  3:31  Probe  
  35  3:32  Probe  
  29  3:39  Robotics Facility  
  29  3:56  Oracle  
  32  4:31  Observer (Chrono Boost)  
  20  5:07  Zealot  
  20  5:08  Zealot x2  
  25  5:17  Probe  
  25  5:18  Probe  
  25  5:30  Probe  
  26  5:48  Probe  
  26  5:50  Probe  
  28  6:02  Probe x2  
  30  6:05  Oracle (Chrono Boost)  
  33  6:14  Probe  
  33  6:17  Probe  
  34  6:26  Probe  
  34  6:27  Probe  
  32  6:42  Stalker x2  
Show
View Real Time Build Order
Export as new Build Order

LilDicky Terran - Winner!

Build Orders: MMM Bio 

Get SALT Encoding   

  12  0:03  SCV  
  13  0:17  SCV  
  14  0:29  SCV  
  14  0:34  Supply Depot  
  15  0:37  Refinery  
  15  0:56  Barracks  
  15  0:57  SCV  
  16  1:09  SCV  
  17  1:21  SCV  
  18  1:35  SCV  
  19  1:43  Factory  
  19  1:45  Marine  
  19  1:46  Supply Depot  
  20  1:47  Orbital Command  
  20  2:13  Barracks x2  
  20  2:14  SCV  
  21  2:18  Barracks Reactor  
  21  2:20  Refinery  
  21  2:27  SCV  
  22  2:37  Supply Depot  
  22  2:53  Widow Mine  
  22  2:56  Marine  
  22  2:57  Marine  
  26  2:59  SCV  
  26  3:01  Barracks Tech Lab x2  
  27  3:11  SCV  
  27  3:19  Marine  
  27  3:20  Marine x2  
  27  3:21  Marine  
  27  3:22  Combat Shields  
  27  3:23  Stimpack  
  31  3:34  SCV  
  31  3:36  Widow Mine  
  31  3:37  Marine x2  
  36  3:44  Marine x2  
  38  3:50  Starport  
  38  3:51  Supply Depot  
  38  4:11  Marine  
  38  4:13  Hellion, Marine x3  
  44  4:30  Marine  
  44  4:31  Medivac  
  47  4:36  Marauder x2, Marine  
  52  4:39  Supply Depot  
  50  5:20  Marine x3  
  53  5:41  Marine  
  53  5:42  Marine x2  
  56  5:49  Medivac  
  58  5:52  Marine  
  58  5:56  Supply Depot  
  57  5:59  SCV, Marine x3  
  57  6:01  Concussive Shells  
  61  6:06  Command Center  
  61  6:17  Marine x3  
  63  6:18  Marine  
  61  6:35  Marine  
Tags
 
Add a new tag
Caveats
  • Supply blocks, unpowered buildings, or Contaminate may cause inaccurate times.
  • Supply counts are checked every 10 seconds.